Description

https://www.twitch.tv/davetestasc

Replay - Goldenaura LE (58)

Build Order

Get SALT Encoding   

  12  0:00  Probe  
  13  0:13  Probe  
  14  0:25  Pylon  
  14  0:27  Probe  
  15  0:43  Probe (Chrono Boost)  
  15  0:48  Gateway  
  16  0:54  Assimilator  
  16  0:55  Probe x2 (Chrono Boost)  
  18  1:09  Probe  
  19  1:21  Probe  
  20  1:28  Nexus  
  20  1:38  Cybernetics Core  
  20  1:40  Probe  
  21  1:57  Probe  
  21  2:01  Pylon, Assimilator  
  23  2:19  Adept (Chrono Boost)  
  23  2:22  Twilight Council  
  25  2:25  Warp Gate (Chrono Boost)  
  27  2:41  Assimilator  
  27  2:50  Robotics Facility  
  31  3:06  Gateway  
  32  3:18  Dark Shrine  
  33  3:25  Gateway  
  33  3:33  Gateway  
  35  3:46  Warp Prism (Chrono Boost)  
  38  3:57  Pylon  
  38  4:01  Assimilator  
  40  4:12  Pylon  
  40  4:21  Charge (Chrono Boost)  
  42  4:25  Forge  
  43  4:34  Pylon  
  44  4:39  Dark Templar x3  
  48  4:47  Dark Templar  
  51  4:59  Gateway  
  54  5:16  Dark Templar x3  
  60  5:24  Zealot  
  60  5:27  Protoss Ground Weapons Level 1 (Chrono Boost)  
  62  5:35  Gateway  
  63  5:43  Immortal (Chrono Boost)  
  63  5:45  Gateway  
  63  5:48  Zealot  
  67  6:16  Stalker x3  
  67  6:18  Photon Cannon  
  73  6:21  Dark Templar x2  
  77  6:27  Archon x3  
  73  6:33  Zealot  
  75  6:43  Zealot x2  
  79  6:51  Observer  
  80  6:57  Archon  
  80  7:01  Zealot x4  
  80  7:05  Dark Templar  
  90  7:13  Zealot  
Spawning Tool Build Advisor. Get it on Overwolf

Go to:

Details

  • Created by: BobbyMobby
  • Published on: Sep 02, 2024
  • Modified on: Sep 02, 2024
  • Patch: 5.0.11
  • Difficulty: Medium
Show
View Real Time Build Order
Export as new Build Order

Comments (0)

There are no comments. Be the first!

Create an account to comment!